 Dungeon Crawl Stone Soup version 0.30-a0-1157-g2cc9ac7196 (webtiles) character file.

Game seed: 17891832546299615123

472 lunkers the Arsonist (level 7, 0/50 HPs)
             Began as a Meteoran Fire Elementalist on Apr 24, 2023.
             Was an Initiate of Vehumet.
             Slain by an orc
             ... wielding a +0 club
              (3 damage)
             ... on level 4 of the Dungeon.
             The game lasted 00:07:00 (1357 turns).

lunkers the Arsonist (Meteoran Fire Elementalist)   Turns: 1357, Time: 00:07:00

Health: 0/50       AC:  4    Str: 10    XL:     7   Next: 58%
Magic:  1/16       EV: 12    Int: 19    God:    Vehumet [......]
Gold:   176        SH:  0    Dex: 14    Spells: 10/17 levels left

rFire   + . .        d - +0 dagger
rCold   . . .        (no shield)
rNeg    . . .        b - +2 robe {rF+}
rPois   .            (no helmet)
rElec   .            (no cloak)
rCorr   .            (no gloves)
SInv    .            (no boots)
Will    .....        (no amulet)
Stlth   +            (no ring)
HPRegen 0.28/turn    (no ring)
MPRegen 0.15/turn

%: no passive effects
@: lethally poisoned (0 -> -3), glowing
A: sense surroundings 1, otherworldly, glowing, explore regen
a: Renounce Religion


You were on level 4 of the Dungeon.
You worshipped Vehumet.
Vehumet was noncommittal.
You visited 1 branch of the dungeon, and saw 4 of its levels.

You collected 176 gold pieces.

Inventory:

Hand Weapons
 d - a +0 dagger (weapon)
Armour
 b - a +2 robe of fire resistance (worn)
Scrolls
 f - a scroll of amnesia {unknown}
 g - a scroll of magic mapping {unknown}
 i - a scroll of identify
Potions
 h - a potion of haste


   Skills:
 - Level 2.4 Dodging
 - Level 1.4 Stealth
 + Level 5.5 Spellcasting
 - Level 1.2 Conjurations
 * Level 8.0 Fire Magic


You had 10 spell levels left.
You knew the following spells:

 Your Spells              Type           Power      Damage    Failure   Level
a - Foxfire               Conj/Fire      88%        2x1d8     1%          1
b - Scorch                Fire           70%        2d7       1%          2
c - Flame Wave            Conj/Fire      22%        2d8       17%         4

Your spell library contained the following spells:

 Spells                   Type           Power      Damage    Failure   Level
 Inner Flame              Hex/Fire       20%        N/A       7%          3
 Volatile Blastmotes      Fire/Tloc      40%        2d13      7%          3
 Blink                    Tloc           10%        N/A       19%         2
 Manifold Assault         Tloc           5%         N/A       75%         4
 Storm Form               Tmut/Air       2%         N/A       100%        7


Dungeon Overview and Level Annotations

Branches:
Dungeon (4/15) Zot: 1042
 Temple: D:4-7

Altars:
Ru
Vehumet
The Shining One

Shops:
D:4 ::[


Innate Abilities, Weirdness & Mutations

You passively map a small area around you.
You are easily found by Zot.
You glow in the dark.
You regain HP and MP as you explore.


Message History

The orc attacks as you move away! The orc hits you but does no damage.
The scorpion stings you.
* * * LOW HITPOINT WARNING * * *
Okay, then.
Unknown command.
Okay, then.
Okay, then.
Unknown command.
Casting: Foxfire (safe; 1% risk of failure)
Press: ? - help, Q - select action, (/) - cycle Dir - look around, f - activate You conjure some foxfire!
* * * LOW MAGIC WARNING * * *
The scorpion stings you but does no damage.
The scorpion attacks as you move away! The scorpion stings you.
* * * LOW HITPOINT WARNING * * *
You are lethally poisoned!
The scorpion poisons you!
* * * LOW HITPOINT WARNING * * *
You feel sick.
The foxfire hits the scorpion but does no damage.
The scorpion is heavily wounded.
The foxfire hits the scorpion but does no damage.
The scorpion is heavily wounded.
Okay, then.
Okay, then.
As you read the scroll labelled LUKYNI FYNUA, it crumbles to dust.
You hear a loud clanging noise!
It was a scroll of noise.
* * * LOW HITPOINT WARNING * * *
You feel sick.
You hear a shout!
The scorpion stings you but does no damage.
Okay, then.
As you read the scroll labelled YLUGEO GECWUYHIU, it crumbles to dust.
The scroll dissolves into smoke.
It was a scroll of fog.
* * * LOW HITPOINT WARNING * * *
You feel sick.
The scorpion stings you but does no damage.
The orc hits you with a +0 club.
You die...

.. ##.........###.#..
..##∩..........##.##....
...##.....>.............#
.............#..##.......
##........##.####........
#........##.# *#.........#
#........##.#####........... *
.#............##§§§.......... ,*
.#............#§@§.#.##......
..)........B.##so§.#.#......
......##....S.oo#§§..#......# .
...o.......).#..#.......#...####.
.............####......##...#.#.#
.............# #.....###§......
..?.....#.#.....#.#.....#.§...#
..........##.#..........).....#
.......##.##.##....#.........##


You could see a scorpion and 3 orcs.

Vanquished Creatures
  Sigmund (D:3)
  Eustachio (D:4)
  An ogre (D:4)
  An iguana (D:3)
  An adder (D:2)
  3 worms
  A dart slug (D:2)
  2 orcs
  3 bats
  4 endoplasms
  4 giant cockroaches
  5 goblins
  4 hobgoblins
  12 jackals
  3 quokkas
  4 ball pythons
  4 rats
54 creatures vanquished.

Vanquished Creatures (others)
  81 foxfires
81 creatures vanquished.

Grand Total: 135 creatures vanquished

Notes
Turn   | Place    | Note
-------+----------+-------------------------------------------
     0 | D:1      | lunkers the Meteoran Fire Elementalist began the quest for
                  | the Orb.
     0 | D:1      | Reached XP level 1. HP: 14/14 MP: 5/5
     1 | D:1      | Noticed an electric eel
    42 | D:1      | Reached XP level 2. HP: 20/20 MP: 0/6
    57 | D:1      | Reached skill level 4 in Fire Magic
   280 | D:1      | Reached XP level 3. HP: 26/26 MP: 3/8
   371 | D:2      | Learned a level 2 spell: Scorch
   605 | D:2      | Reached XP level 4. HP: 31/33 MP: 6/10
   655 | D:3      | Noticed Sigmund
   677 | D:3      | Killed Sigmund
   678 | D:3      | Reached skill level 6 in Fire Magic
   678 | D:3      | Reached XP level 5. HP: 8/38 MP: 5/12
   678 | D:3      | Reached XP level 6. HP: 9/45 MP: 5/13
   823 | D:3      | Found a sacrificial altar of Ru.
   823 | D:3      | Found a glowing golden altar of the Shining One.
   846 | D:3      | Learned a level 4 spell: Flame Wave
  1025 | D:3      | Found a radiant altar of Vehumet.
  1036 | D:3      | Became a worshipper of Vehumet
  1084 | D:4      | Noticed Eustachio
  1088 | D:4      | Noticed an ogre
  1089 | D:4      | Killed an ogre
  1090 | D:4      | Reached skill level 5 in Spellcasting
  1090 | D:4      | Reached skill level 7 in Fire Magic
  1090 | D:4      | Reached XP level 7. HP: 50/50 MP: 3/15
  1135 | D:4      | Found Holeskai's Antique Armour Boutique.
  1263 | D:4      | Found Momutu Fiewk's Book Emporium.
  1314 | D:4      | Found Keden's Book Shop.
  1333 | D:4      | Killed Eustachio
  1334 | D:4      | Reached skill level 8 in Fire Magic
  1357 | D:4      | Slain by an orc

Illustrated notes

Levels and vault maps discovered:
D:1:      arrival_aquarium_a, layout_basic
D:2:      minmay_inner_zag, layout_basic
D:3:      layout_basic, vehumet_altar_wand_db, gammafunk_temple_overflow_statue,
          uniq_sigmund
D:4:      layout_cave_pools, serial_shops, shop, shop, shop, shop,
          uniq_eustachio

Skill      XL: |  1  2  3  4  5  6  7 |
---------------+----------------------+-----
Fire Magic     | 4 6 7 8 |  8.0
Spellcasting   | 3 4 5 |  5.5
Dodging        | |  2.4
Stealth        | |  1.4
Conjurations   | |  1.2

Action                     |  1- 3 |  4- 6 |  7- 9 || total
---------------------------+-------+-------+-------++-------
  Melee: Unarmed           |     2 |     4 |       ||     6
         Dagger            |       |       |     7 ||     7
         Punch             |       |       |     1 ||     1
   Cast: Foxfire           |    31 |     2 |    20 ||    53
         Scorch            |     8 |    38 |     5 ||    51
         Flame Wave        |       |       |     2 ||     2
  Evoke: Wand              |       |       |    12 ||    12
    Use: Potion            |       |     4 |       ||     4
         Scroll            |       |     3 |     2 ||     5
 Armour: Robe              |     2 |     4 |    22 ||    28
  Dodge: Dodged            |     7 |     8 |    40 ||    55

Table legend: (Time is in decaauts)
 A = Elapsed time spent in this place.
 B = Non-inter-level travel time spent in this place.
 C = Inter-level travel time spent in this place.
 D = Time resting spent in this place.
 E = Time spent auto-exploring this place.
 F = Levels seen in this place.
 G = Mean time per level.
                   A        B        C        D        E       F      G
               +--------+--------+--------+--------+--------+-----+--------+
         Total |   1357 |   1318 |     39 |      0 |    746 |   4 |  339.2 |
       Dungeon |   1357 |   1318 |     39 |      0 |    746 |   4 |  339.2 |
               +--------+--------+--------+--------+--------+-----+--------+

Top non-repeatable levels by time:
     D:3: 521 daAuts
     D:2: 345 daAuts
     D:1: 301 daAuts
     D:4: 189 daAuts
